TOP OF THE 1ST |
Athletic Club KC Academy batting - Pitching for Lannister United Lionhearts : LHP Yoshida Kudo
|
Pitching: LHP Yoshida Kudo
|
|
Batting: SHB António Montés
|
0-0: Called Strike 0-1: Ball 1-1: Foul Ball, location: 2F 1-2: Ball 2-2: Foul Ball, location: 2F 2-2: Fly out, F5 (Popup, 5F)
|
Batting: RHB Geoff Rivers
|
0-0: Foul Ball, location: 2F 0-1: Foul Ball, location: 2F 0-2: Ground out 5-3 (Groundball, 56)
|
Batting: RHB Allen Williams
|
0-0: Ball 1-0: Ball 2-0: Ball 3-0: Base on Balls
|
Batting: RHB José Flores
|
0-0: Swinging Strike 0-1: Ball 1-1: Foul Ball, location: 2F 1-2: Strikes out swinging
|
Top of the 1st over - 0 run(s), 0 hit(s), 0 error(s), 1 left on base; Athletic Club KC Academy 0 - Lannister United 0 |
BOTTOM OF THE 1ST |
Lannister United Lionhearts batting - Pitching for Athletic Club KC Academy : LHP Xavier Navarro
|
Pitching: LHP Xavier Navarro
|
|
Batting: RHB Miguel Uribe
|
0-0: Fly out, F3 (Popup, 23)
|
Batting: RHB Lloyd Walsh
|
0-0: Called Strike 0-1: Ball 1-1: Foul Ball, location: 2F 1-2: Foul Ball, location: 2F 1-2: SINGLE (Groundball, 6)
|
Batting: RHB Tomás Martínez
|
0-0: Called Strike 0-1: Ball 1-1: Called Strike 1-2: Foul Ball, location: 2F 1-2: Foul Ball, location: 2F 1-2: Strikes out swinging
|
Batting: LHB Cisco Padilla
|
0-0: Called Strike 0-1: Ball 1-1: Foul Ball, location: 2F 1-2: Ball 2-2: Ball Lloyd Walsh steals 2nd base 3-2: Foul Ball, location: 2F 3-2: Foul Ball, location: 2F 3-2: Base on Balls
|
Batting: LHB José Vargas
|
0-0: Swinging Strike 0-1: Ball 1-1: Ball 2-1: Called Strike 2-2: Strikes out swinging
|
Bottom of the 1st over - 0 run(s), 1 hit(s), 0 error(s), 2 left on base; Athletic Club KC Academy 0 - Lannister United 0 |
TOP OF THE 2ND |
Athletic Club KC Academy batting - Pitching for Lannister United Lionhearts : LHP Yoshida Kudo
|
Batting: RHB Maurice Quinn
|
0-0: Called Strike 0-1: Ball 1-1: Fly out, F4 (Popup, 3DF)
|
Batting: RHB Chris Teague
|
0-0: Ball 1-0: Called Strike 1-1: Ball 2-1: Ground out 6-3 (Groundball, 6)
|
Batting: SHB Eric Moore
|
0-0: Ball 1-0: Called Strike 1-1: Foul Ball, location: 2F 1-2: Ball 2-2: Ball 3-2: Strikes out swinging
|
Top of the 2nd over - 0 run(s), 0 hit(s), 0 error(s), 0 left on base; Athletic Club KC Academy 0 - Lannister United 0 |
BOTTOM OF THE 2ND |
Lannister United Lionhearts batting - Pitching for Athletic Club KC Academy : LHP Xavier Navarro
|
Batting: RHB Jason Compton
|
0-0: Ball 1-0: Ground out 6-3 (Groundball, 6M)
|
Batting: RHB Jeremy Christensen
|
0-0: Foul Ball, location: 2F 0-1: Ball 1-1: Ball 2-1: Ball 3-1: Called Strike 3-2: Base on Balls
|
Batting: RHB Sacha Nieuwenburg
|
0-0: Ball 1-0: Ball 2-0: Called Strike 2-1: Grounds into double play, U6-3 (Groundball, 6M)
|
Bottom of the 2nd over - 0 run(s), 0 hit(s), 0 error(s), 0 left on base; Athletic Club KC Academy 0 - Lannister United 0 |
TOP OF THE 3RD |
Athletic Club KC Academy batting - Pitching for Lannister United Lionhearts : LHP Yoshida Kudo
|
Batting: RHB Iván Chacón
|
0-0: Called Strike 0-1: SINGLE (Groundball, 56D)
|
Batting: SHB Fernando Luna
|
0-0: Called Strike Iván Chacón is caught stealing 2nd base 0-1: Swinging Strike 0-2: Ball 1-2: Strikes out looking
|
Batting: SHB António Montés
|
0-0: SINGLE (Groundball, 5D)
|
Batting: RHB Geoff Rivers
|
0-0: Ball 1-0: Fly out, F8 (Flyball, 8LD)
|
Top of the 3rd over - 0 run(s), 2 hit(s), 0 error(s), 1 left on base; Athletic Club KC Academy 0 - Lannister United 0 |
BOTTOM OF THE 3RD |
Lannister United Lionhearts batting - Pitching for Athletic Club KC Academy : LHP Xavier Navarro
|
Batting: RHB Jason Mann
|
0-0: Called Strike 0-1: Foul Ball, location: 2F 0-2: Foul Ball, location: 2F 0-2: Strikes out looking
|
Batting: RHB Miguel Uribe
|
0-0: Ball 1-0: Called Strike 1-1: Ball 2-1: Ground out 5-3 (Groundball, 56)
|
Batting: RHB Lloyd Walsh
|
0-0: Fly out, F8 (Flyball, 8RM)
|
Bottom of the 3rd over - 0 run(s), 0 hit(s), 0 error(s), 0 left on base; Athletic Club KC Academy 0 - Lannister United 0 |
TOP OF THE 4TH |
Athletic Club KC Academy batting - Pitching for Lannister United Lionhearts : LHP Yoshida Kudo
|
Batting: RHB Allen Williams
|
0-0: Ball 1-0: Called Strike 1-1: Foul Ball, location: 2F 1-2: Foul Ball, location: 2F 1-2: Ball 2-2: Ball 3-2: Base on Balls
|
Batting: RHB José Flores
|
0-0: Ball 1-0: Fly out, F8 (Flyball, 8LXD)
|
Batting: RHB Maurice Quinn
|
0-0: Swinging Strike 0-1: Fly out, F8 (Flyball, 8LM)
|
Batting: RHB Chris Teague
|
0-0: Called Strike 0-1: Ball 1-1: Foul Ball, location: 2F 1-2: Foul Ball, location: 2F 1-2: Fly out, F8 (Flyball, 8RM)
|
Top of the 4th over - 0 run(s), 0 hit(s), 0 error(s), 1 left on base; Athletic Club KC Academy 0 - Lannister United 0 |
BOTTOM OF THE 4TH |
Lannister United Lionhearts batting - Pitching for Athletic Club KC Academy : LHP Xavier Navarro
|
Batting: RHB Tomás Martínez
|
0-0: Foul Ball, location: 2F 0-1: Called Strike 0-2: Foul Ball, location: 2F 0-2: Strikes out swinging
|
Batting: LHB Cisco Padilla
|
0-0: Ball 1-0: Called Strike 1-1: SOLO HOME RUN (Flyball, 89XD), Distance : 400 ft
|
Batting: LHB José Vargas
|
0-0: Ball 1-0: Foul Ball, location: 2F 1-1: Fly out, F8 (Flyball, 8RD)
|
Batting: RHB Jason Compton
|
0-0: Ball 1-0: Fly out, F8 (Flyball, 8LS)
|
Bottom of the 4th over - 1 run(s), 1 hit(s), 0 error(s), 0 left on base; Athletic Club KC Academy 0 - Lannister United 1 |
TOP OF THE 5TH |
Athletic Club KC Academy batting - Pitching for Lannister United Lionhearts : LHP Yoshida Kudo
|
Batting: SHB Eric Moore
|
0-0: Bunted foul 0-1: Ball 1-1: Ball 2-1: Reached on error, E6 (Groundball, 6)
|
Batting: RHB Iván Chacón
|
0-0: Ground out 6-3 (Groundball, 6) Eric Moore to third
|
Batting: SHB Fernando Luna
|
0-0: Ball 1-0: Called Strike 1-1: Ball 2-1: Swinging Strike 2-2: Ground out 4-3 (Groundball, 4M) Eric Moore scores
|
Batting: SHB António Montés
|
0-0: Foul Ball, location: 2F 0-1: Fly out, F4 (Popup, 34D)
|
Top of the 5th over - 1 run(s), 0 hit(s), 1 error(s), 0 left on base; Athletic Club KC Academy 1 - Lannister United 1 |
BOTTOM OF THE 5TH |
Lannister United Lionhearts batting - Pitching for Athletic Club KC Academy : LHP Xavier Navarro
|
Batting: RHB Jeremy Christensen
|
0-0: Foul Ball, location: 2F 0-1: Ball 1-1: Ball 2-1: Fly out, F5 (Line Drive, 5S)
|
Batting: RHB Sacha Nieuwenburg
|
0-0: Called Strike 0-1: Fly out, F7 (Flyball, 78S)
|
Batting: RHB Jason Mann
|
0-0: SINGLE (Groundball, 13S) (infield hit)
|
Batting: RHB Miguel Uribe
|
0-0: Called Strike 0-1: Ball 1-1: Called Strike 1-2: Fly out, F8 (Flyball, 89M)
|
Bottom of the 5th over - 0 run(s), 1 hit(s), 0 error(s), 1 left on base; Athletic Club KC Academy 1 - Lannister United 1 |
TOP OF THE 6TH |
Athletic Club KC Academy batting - Pitching for Lannister United Lionhearts : LHP Yoshida Kudo
|
Batting: RHB Geoff Rivers
|
0-0: Foul Ball, location: 2F 0-1: Called Strike 0-2: Ball 1-2: Ball 2-2: TRIPLE (Flyball, 7D)
|
Batting: RHB Allen Williams
|
0-0: Intentional Walk
|
Pitching: RHP Gonçalo Conxacha
|
|
Batting: RHB José Flores
|
0-0: Ball 1-0: Swinging Strike 1-1: Ball Passed Ball! Geoff Rivers scores Allen Williams to second 2-1: Ground out 6-3 (Groundball, 6)
|
Batting: RHB Maurice Quinn
|
0-0: Intentional Walk
|
Batting: RHB Chris Teague
|
0-0: Foul Ball, location: 2F 0-1: Ball 1-1: Foul Ball, location: 2F 1-2: Grounds into double play, 6-4-3 (Groundball, 6M)
|
Top of the 6th over - 1 run(s), 1 hit(s), 0 error(s), 1 left on base; Athletic Club KC Academy 2 - Lannister United 1 |
BOTTOM OF THE 6TH |
Lannister United Lionhearts batting - Pitching for Athletic Club KC Academy : LHP Xavier Navarro
|
Batting: RHB Lloyd Walsh
|
0-0: Ball 1-0: Called Strike 1-1: Swinging Strike 1-2: Foul Ball, location: 2F 1-2: SINGLE (Groundball, 25) (infield hit)
|
Batting: RHB Tomás Martínez
|
0-0: Ball 1-0: Ball 2-0: Ball 3-0: Called Strike 3-1: Foul Ball, location: 2F 3-2: Ground out 5-3 (Groundball, 5S) Lloyd Walsh to second
|
Batting: LHB Cisco Padilla
|
0-0: Ball 1-0: Ball 2-0: Foul Ball, location: 2F 2-1: Foul Ball, location: 2F 2-2: Ball 3-2: Foul Ball, location: 2F 3-2: Fly out, F9 (Flyball, 89S)
|
Pitching: RHP Carlos Acosta
|
|
Batting: LHB José Vargas
|
0-0: Ball 1-0: Ball Passed Ball! Lloyd Walsh to third 2-0: Ball 3-0: Base on Balls
|
Batting: RHB Jason Compton
|
0-0: Foul Ball, location: 2F 0-1: Fly out, F4 (Line Drive, 4)
|
Bottom of the 6th over - 0 run(s), 1 hit(s), 0 error(s), 2 left on base; Athletic Club KC Academy 2 - Lannister United 1 |
TOP OF THE 7TH |
Athletic Club KC Academy batting - Pitching for Lannister United Lionhearts : RHP Gonçalo Conxacha
|
Batting: SHB Eric Moore
|
0-0: Called Strike 0-1: Ball 1-1: Ball 2-1: Ground out 4-3 (Groundball, 34)
|
Batting: RHB Iván Chacón
|
0-0: Foul Ball, location: 2F 0-1: Ball 1-1: Ball 2-1: Foul Ball, location: 2F 2-2: Ball 3-2: Strikes out looking
|
Batting: SHB Fernando Luna
|
0-0: Foul Ball, location: 2F 0-1: Ball 1-1: DOUBLE (Line Drive, 34D)
|
Batting: SHB António Montés
|
0-0: SINGLE (Groundball, 6M) Fernando Luna to third Runner from 3rd tries for Home, SAFE, no throw or cutoff
|
Batting: RHB Geoff Rivers
|
0-0: Called Strike António Montés steals 2nd base 0-1: Foul Ball, location: 2F 0-2: Ball 1-2: Foul Ball, location: 2F 1-2: Ball 2-2: Ball 3-2: Fly out, F9 (Line Drive, 9S)
|
Top of the 7th over - 1 run(s), 2 hit(s), 0 error(s), 1 left on base; Athletic Club KC Academy 3 - Lannister United 1 |
BOTTOM OF THE 7TH |
Lannister United Lionhearts batting - Pitching for Athletic Club KC Academy : RHP Carlos Acosta
|
Batting: RHB Jeremy Christensen
|
0-0: Ball 1-0: SINGLE (Line Drive, 56)
|
Batting: RHB Sacha Nieuwenburg
|
0-0: Called Strike 0-1: Foul Ball, location: 2F 0-2: Ball 1-2: Ball 2-2: Ball 3-2: SINGLE (Line Drive, 89S) Jeremy Christensen to second
|
Batting: RHB Jason Mann
|
0-0: Bunted foul 0-1: Sac Bunt - play at third, runner OUT! 3-6 Sacha Nieuwenburg to second
|
Pinch Hitting: LHB Gabriel Córdova
|
0-0: Ball 1-0: Foul Ball, location: 2F 1-1: Foul Ball, location: 2F 1-2: Ball 2-2: Foul Ball, location: 2F 2-2: Strikes out swinging
|
Pinch Hitting: LHB Gonzalo Álvarez
|
0-0: Ball 1-0: Foul Ball, location: 2F 1-1: Foul Ball, location: 2F 1-2: Strikes out swinging
|
Bottom of the 7th over - 0 run(s), 2 hit(s), 0 error(s), 2 left on base; Athletic Club KC Academy 3 - Lannister United 1 |
TOP OF THE 8TH |
Athletic Club KC Academy batting - Pitching for Lannister United Lionhearts : RHP Gonçalo Conxacha
|
Now in LF: Gabriel Córdova
|
|
Now in CF: Propsero Lavin
|
|
Batting: RHB Allen Williams
|
0-0: SINGLE (Groundball, 5L)
|
Batting: RHB José Flores
|
0-0: Ball 1-0: Called Strike 1-1: Called Strike 1-2: Ball 2-2: Ball 3-2: SINGLE (Line Drive, 5) Allen Williams to second
|
Batting: RHB Maurice Quinn
|
0-0: Foul Ball, location: 2F 0-1: Called Strike 0-2: Strikes out swinging
|
Pinch Hitting: LHB Domingo Gutiérrez
|
0-0: Ball 1-0: Ball 2-0: Foul Ball, location: 2F 2-1: Foul Ball, location: 2F 2-2: Ball 3-2: Foul Ball, location: 2F 3-2: SINGLE (Line Drive, 34) Allen Williams to third José Flores to second
|
Pitching: RHP José Padilla
|
|
Batting: SHB Eric Moore
|
0-0: Called Strike 0-1: Ground out 4-3 (Groundball, 4M) Allen Williams scores José Flores to third Domingo Gutiérrez to second
|
Batting: RHB Iván Chacón
|
0-0: Ball 1-0: Foul Ball, location: 2F 1-1: Fly out, F4 (Popup, 4MD)
|
Top of the 8th over - 1 run(s), 3 hit(s), 0 error(s), 2 left on base; Athletic Club KC Academy 4 - Lannister United 1 |
BOTTOM OF THE 8TH |
Lannister United Lionhearts batting - Pitching for Athletic Club KC Academy : RHP Carlos Acosta
|
Now at 2B: Domingo Gutiérrez
|
|
Now at SS: Ted Stephens
|
|
Batting: RHB Tomás Martínez
|
0-0: Ball 1-0: DOUBLE (Flyball, 78XD)
|
Pitching: LHP Tim Risinger
|
|
Batting: LHB Cisco Padilla
|
0-0: Called Strike 0-1: Foul Ball, location: 2F 0-2: Ground out 2-3 (Groundball, 2R) Tomás Martínez to third
|
Batting: LHB José Vargas
|
0-0: Ball 1-0: Ball 2-0: Ball 3-0: Base on Balls
|
Pitching: RHP Alfonso Corona
|
|
Batting: RHB Jason Compton
|
0-0: Called Strike 0-1: Swinging Strike 0-2: Strikes out swinging
|
Batting: RHB Jeremy Christensen
|
0-0: Reached on Error, E7 (Flyball, 78M) Tomás Martínez scores José Vargas to third
|
Pinch Hitting: RHB Bartolo Martínez
|
0-0: Ball 1-0: Swinging Strike 1-1: Ball 2-1: SINGLE (Line Drive, 34D) José Vargas scores Jeremy Christensen to third Runner from 3rd tries for Home, SAFE, no throw or cutoff
|
Batting: RHB Jason Mann
|
0-0: Ball 1-0: Ball 2-0: Ground out 2-3 (Groundball, 25)
|
Bottom of the 8th over - 3 run(s), 2 hit(s), 1 error(s), 1 left on base; Athletic Club KC Academy 4 - Lannister United 4 |
TOP OF THE 9TH |
Athletic Club KC Academy batting - Pitching for Lannister United Lionhearts : RHP José Padilla
|
Pitching: RHP Jesús Chután
|
|
Now at SS: Curt Johnston
|
|
Batting: SHB Fernando Luna
|
0-0: Called Strike 0-1: Ball 1-1: Ground out 1-3 (Groundball, 15)
|
Batting: SHB António Montés
|
0-0: Foul Ball, location: 2F 0-1: Called Strike 0-2: Ball 1-2: Strikes out looking
|
Batting: RHB Geoff Rivers
|
0-0: Ball 1-0: Foul Ball, location: 2F 1-1: Ball 2-1: Foul Ball, location: 2F 2-2: Ball 3-2: Base on Balls
|
Batting: RHB Allen Williams
|
0-0: Ball 1-0: Foul Ball, location: 2F 1-1: Ball 2-1: Ball Geoff Rivers steals 2nd base 3-1: DOUBLE (Groundball, 5L) Geoff Rivers scores
|
Pinch Hitting: RHB Frank Church
|
0-0: Ball 1-0: Swinging Strike 1-1: Ball 2-1: Foul Ball, location: 2F 2-2: Strikes out looking
|
Top of the 9th over - 1 run(s), 1 hit(s), 0 error(s), 1 left on base; Athletic Club KC Academy 5 - Lannister United 4 |
BOTTOM OF THE 9TH |
Lannister United Lionhearts batting - Pitching for Athletic Club KC Academy : RHP Alfonso Corona
|
Pitching: RHP José Guardado
|
|
Now at 1B: Manuel Canó
|
|
Batting: LHB Gabriel Córdova
|
0-0: Ball 1-0: Ball 2-0: Called Strike 2-1: SINGLE (Line Drive, 5L)
|
Batting: LHB Propsero Lavin
|
0-0: Ball 1-0: Bunted foul 1-1: Sac Bunt - play at first, batter OUT! 2-4 Gabriel Córdova to second
|
Batting: RHB Tomás Martínez
|
0-0: Ball 1-0: Ball 2-0: Foul Ball, location: 2F 2-1: Ball 3-1: SINGLE (Line Drive, 78M) Gabriel Córdova to third Runner from 3rd tries for Home, SAFE, no throw or cutoff
|
Batting: LHB Cisco Padilla
|
0-0: Ball 1-0: Called Strike 1-1: Ball 2-1: Ball 3-1: Base on Balls Tomás Martínez to second
|
Batting: LHB José Vargas
|
0-0: Ball 1-0: Foul Ball, location: 2F 1-1: 3-RUN HOME RUN (Flyball, 9D), Distance : 369 ft
|
|